 Dungeon Crawl Stone Soup version 0.27.0-1-g7a089689b8 (webtiles) character file.

Game seed: 6850353908591765964

32 unlimited1921 the Grave Robber (level 3, -4/26 HPs)
             Began as a Human Necromancer on Aug 14, 2021.
             Killed from afar by Natasha (7 damage)
             ... with a magic dart
             ... on level 2 of the Dungeon.
             The game lasted 00:12:14 (1698 turns).

unlimited1921 the Grave Robber (Human Necromancer)  Turns: 1698, Time: 00:12:21

Health: -4/26      AC:  3    Str:  8    XL:     3   Next: 42%
Magic:  3/6        EV: 11    Int: 16    God:
Gold:   83         SH:  0    Dex: 13    Spells: 1/6 levels left

rFire    . . .     SeeInvis .   c - +0 hand axe
rCold    . . .     Faith    .   (no shield)
rNeg     . . .     Spirit   .   f - +0 leather armour
rPois    .         Reflect  .   (no helmet)
rElec    .         Harm     .   (no cloak)
rCorr    .         Rampage  .   (no gloves)
Will     .....                  (no boots)
Stlth    ++........             (no amulet)
HPRegen  0.08/turn              (no ring)
MPRegen  0.10/turn              (no ring)

@: slowed, very slow
A: no striking features
a: no special abilities


You were on level 2 of the Dungeon.
You visited 1 branch of the dungeon, and saw 2 of its levels.

You collected 83 gold pieces.

Inventory:

Hand Weapons
 c - a +0 hand axe (weapon)
Missiles
 b - 11 bolts
Armour
 a - a +0 robe
 f - a +0 leather armour (worn)
 h - a +0 chain mail
Scrolls
 d - a scroll of teleportation {unknown}
 k - a scroll of torment {unknown}
Potions
 e - a potion of degeneration {unknown}
 g - a potion of heal wounds {unknown}
 i - a potion of haste
 j - a potion of invisibility {unknown}
 l - a potion of curing {unknown}


   Skills:
 * Level 1.0 Fighting
 + Level 0.5 Axes
 + Level 2.0 Dodging
 + Level 2.0 Stealth
 * Level 2.4 Spellcasting
 + Level 4.3 Necromancy


You had one spell level left.
You knew the following spells:

 Your Spells              Type           Power      Damage    Failure   Level
a - Pain                  Necr           64%        1d7       4%          1
b - Animate Skeleton      Necr           32%        N/A       4%          1
c - Vampiric Draining     Necr           8%         2d7       14%         3

Your spell library contained the following spells:

 Spells                   Type           Power      Damage    Failure   Level
 Animate Dead             Necr           8%         N/A       43%         4
 Agony                    Necr           16%        N/A       78%         5
 Olgreb's Toxic Radiance  Pois           1%         N/A       96%         4
 Ozocubu's Refrigeration  Ice            0%         4d5       100%        7
 Ignition                 Fire           0%         3d3       100%        8


Dungeon Overview and Level Annotations

Branches:
Dungeon (2/15)

Altars:

Annotations:
D:2 Natasha


Message History

You feel yourself slow down.
Natasha stares at you and mumbles some strange words.
The magic dart hits you.
Casting: Pain (safe; 4% risk of failure)
Confirm with . or Enter, or press ? or * to list all spells.
Aiming: Pain (safe; 4% risk of failure)
Press: ? - help, Shift-Dir - straight line, f/p - Natasha
Aim: Natasha (moderately wounded, fast, chance to affect: 75%) Natasha writhes in agony.
You closely miss Natasha.
Natasha is heavily wounded.
Natasha barely misses you. Natasha claws you! Natasha closely misses you.
You hit Natasha.
Natasha is severely wounded.
Natasha claws you but does no damage. Natasha barely misses you. x2
You barely miss Natasha.
Natasha is severely wounded.
Natasha barely misses you. Natasha claws you.
Natasha wildly gestures.
You feel troubled. Natasha claws you.
You are too injured to fight recklessly!
Casting: Pain (safe; 4% risk of failure)
Confirm with . or Enter, or press ? or * to list all spells.
Aiming: Pain (safe; 4% risk of failure)
Press: ? - help, Shift-Dir - straight line, f/p - Natasha
Aim: Natasha (severely wounded, fast, chance to affect: 75%) Natasha writhes in agony.
Natasha claws you.
* * * LOW HITPOINT WARNING * * *
Natasha stares at you and mumbles some strange words.
You resist with significant effort. Natasha claws you.
* * * LOW HITPOINT WARNING * * *
Natasha mumbles some strange words.
The adder bites you but does no damage.
Natasha wildly gestures.
Natasha shimmers violently.
Natasha stares at you and mumbles some strange words.
The magic dart hits you!
You die...

####..>...#
#.#...#######
##...........#
........#####.#
###..#...# #.#
#..#...####.#
##........##.#
..........##.#
##.....@S....#
#..#..5h###.#
#....# #..#
####.# #...#
... ..h.8#
.........#
.#.##..8...
.#.# .._...


You could see Natasha (fast), an adder and a white imp (summoned).

Vanquished Creatures
  2 ball pythons
  6 bats
  10 endoplasms
  A giant cockroach (D:1)
  2 hobgoblins (D:1)
  2 jackals (D:1)
  3 frilled lizards (D:1)
  A rat (D:1)
27 creatures vanquished.

Notes
Turn   | Place    | Note
-------+----------+-------------------------------------------
     0 | D:1      | unlimited1921 the Human Necromancer began the quest for the
                  | Orb.
     0 | D:1      | Reached XP level 1. HP: 13/13 MP: 3/3
   263 | D:1      | Reached XP level 2. HP: 16/20 MP: 0/5
   438 | D:1      | Reached skill level 1 in Fighting
   962 | D:1      | Reached XP level 3. HP: 21/26 MP: 1/6
  1309 | D:1      | Learned a level 1 spell: Animate Skeleton
  1313 | D:1      | Learned a level 3 spell: Vampiric Draining
  1685 | D:2      | Noticed Natasha
  1687 | D:2      | Found a faded altar of an unknown god.
  1698 | D:2      | Killed from afar by Natasha

Illustrated notes

Levels and vault maps discovered:
D:1:      dpeg_arrival_refuge, layout_loops_ring, minivault_19,
          minmay_tiny_reverse_x
D:2:      layout_loops_ring, ebering_ecumenical_altar_ruins,
          amcnicky_mini_rare_corridor_liquid, chequers_serial_rivers_micro_e,
          hex_tiny, chequers_mini_garden, uniq_natasha

Skill      XL: |  1  2 |
---------------+-------+-----
Fighting       | 1 |  1.0
Axes           | |  0.5
Dodging        | |  2.0
Stealth        | |  2.0
Spellcasting   | |  2.4
Necromancy     | |  4.3

Action                   || total
-------------------------++-------
Melee: Hand axe          ||    15
 Cast: Pain              ||    49
Armor: Leather armour    ||     7
Dodge: Dodged            ||    16
